 Dungeon Crawl Stone Soup version 0.20.1-1-g8b1a95d (webtiles) character file.

59995 fili the Warrior (level 14, -2/222 HPs)
             Began as a Minotaur Berserker on Aug 29, 2017.
             Was a High Priest of Trog.
             Hit by a large rock thrown by a cyclops (21 damage)
             ... on level 2 of the Orcish Mines on Sept 1, 2017.
             The game lasted 01:51:56 (21728 turns).

fili the Warrior (Minotaur Berserker)              Turns: 21728, Time: 01:51:58

Health: -2/222     AC: 24    Str: 30    XL:     14   Next: 55%
Magic:  13/13      EV:  7    Int:  4    God:    Trog [*****.]
Gold:   1853       SH:  8    Dex: 12    Spells: 13/13 levels left

rFire    . . .     SeeInvis .   G - +3 mace (drain)
rCold    + . .     Gourm    .   K - +0 shield
rNeg     . . .     Faith    .   p - +2 crystal plate armour
rPois    .         Spirit   .   (helmet restricted)
rElec    .         Reflect  .   o - +0 cloak {MR+}
rCorr    .         Harm     .   x - +0 pair of gloves
MR       ++...                  y - +0 pair of boots {Fly}
Stlth    ..........             (no amulet)
Regen    0.5/turn               v - ring of protection from cold
MPRegen  0.2/turn               O - ring of stealth

@: berserking, drained, very quick
A: retaliatory headbutt, horns 2
a: Berserk, Trog's Hand, Brothers in Arms, Burn Spellbooks, Renounce Religion,
Evoke Flight


You were on level 2 of the Orcish Mines.
You worshipped Trog.
Trog was extremely pleased with you.
You were very hungry.

You visited 3 branches of the dungeon, and saw 18 of its levels.
You also visited: Bailey and Ice Cave.

You collected 1853 gold pieces.

Inventory:

Hand Weapons
 G - a +3 mace of draining (weapon)
Missiles
 r - 9 tomahawks (quivered)
 P - 4 javelins
Armour
 o - a +0 cloak of magic resistance (worn)
 p - a +2 crystal plate armour (worn)
 x - a +0 pair of gloves (worn)
 y - a +0 pair of boots of flying (worn)
 H - the +3 ice dragon scales of Monotheism {rElec rF- rC++ Regen+ rCorr Int+5}
   (You found it in an ice cave)

   It affects your intelligence (+5).
   It makes you vulnerable to fire.
   It greatly protects you from cold.
   It insulates you from electricity.
   It increases your rate of regeneration.
   It protects you from acid and corrosion.
 K - a +0 shield (worn)
Jewellery
 v - a ring of protection from cold (left hand)
 O - a ring of stealth (right hand)
Wands
 z - a wand of polymorph (8/24)
 F - a wand of lightning (3/15)
 J - a wand of acid (2/15)
Scrolls
 b - 2 scrolls of blinking
 d - 5 scrolls of teleportation
 k - 4 scrolls of recharging
 l - a scroll of enchant armour
 q - 2 scrolls of remove curse
 s - 2 scrolls of fog
 M - 2 scrolls of fear {unknown}
 S - a scroll of magic mapping
 V - 2 scrolls of summoning {unknown}
 Y - a scroll of silence {unknown}
Potions
 e - 4 potions of might
 g - 7 potions of curing
 h - a potion of brilliance
 m - 4 potions of heal wounds
 n - 5 potions of haste
 t - 3 potions of mutation {unknown}
 u - a potion of invisibility {unknown}
 w - a potion of ambrosia {unknown}
 A - a potion of resistance
Books
 E - a book of Alchemy

   Spells                             Type                      Level
   a - Sublimation of Blood           Necromancy                   2
   b - Ignite Poison                  Fire/Transmutation/Poison    3
   c - Petrify                        Transmutation/Earth          4
   d - Alistair's Intoxication        Transmutation/Poison         5
   e - Irradiate                      Conjuration/Transmutation    5
   Trog disapproves of the use of such an item.
 T - a book of Necromancy

   Spells                             Type                      Level
   a - Pain                           Necromancy                   1
   b - Animate Skeleton               Necromancy                   1
   c - Vampiric Draining              Necromancy                   3
   d - Regeneration                   Charms/Necromancy            3
   e - Animate Dead                   Necromancy                   4
   f - Control Undead                 Necromancy                   4
   Trog disapproves of the use of such an item.
 Z - a book of Misfortune

   Spells                             Type                      Level
   a - Confusing Touch                Hexes                        1
   b - Confuse                        Hexes                        3
   c - Gell's Gravitas                Translocation                3
   d - Petrify                        Transmutation/Earth          4
   e - Metabolic Englaciation         Hexes/Ice                    5
   f - Yara's Violent Unravelling     Hexes/Transmutation          5
   Trog disapproves of the use of such an item.
Miscellaneous
 N - a sack of spiders
 Q - a lightning rod (4/4)
Comestibles
 a - 11 chunks of flesh
 c - 6 bread rations
 f - 9 royal jellies
 j - 3 meat rations
 L - 10 fruits


   Skills:
 * Level 20.2(20.0) Fighting
 * Level 14.3(14.1) Maces & Flails
 - Level 8.0(7.8) Throwing
 - Level 7.0(6.7) Armour
 - Level 11.1(10.9) Dodging


You had 13 spell levels left.
You didn't know any spells.

Dungeon Overview and Level Annotations

Branches:
Dungeon (10/15)            Temple (0/1) D:4            Lair (6/6) D:8
  Swamp (0/4) Lair:4        Snake (0/4) Lair:3        Slime (0/5) Lair:5
    Orc (2/2) D:10
    Elf: Orc:2

Altars:
Dithmenos
Gozag
Trog
Jiyva

Shops:
D:5 [   D:10 *   Orc:1 *   Orc:2 [:

Annotations:
D:7 exclusion: oklob plant
Lair:4 exclusion: oklob plant


Innate Abilities, Weirdness & Mutations

You reflexively headbutt those who attack you in melee.
You have a pair of horns on your head.


Message History

You block the ettin's attack. The cyclops hits you!
* * * LOW HITPOINT WARNING * * *
The cyclops throws a large rock.
You block the large rock.
You sock the cyclops! You drain the cyclops!
The cyclops is almost dead.
You thump the cyclops!
You kill the cyclops!
Trog accepts your kill. The ettin hits you with a dire flail!!
* * * LOW HITPOINT WARNING * * *
You block the ettin's attack.
Found Zusky's Antique Armour Boutique.
You sock the ettin! You drain the ettin! You headbutt the ettin!
The ettin is severely wounded.
You block the ettin's attack. The ettin hits you with a dire flail.
* * * LOW HITPOINT WARNING * * *
You hit the ettin. You drain the ettin!
The ettin is severely wounded.
The cyclops throws a large rock.
The large rock hits you!!
You die...

.#........[).........P.
........#.[.[......#...
..........[[......###..
..........))...........
.........)<...........
...........†.........#
...........).........
.........((........
........C@T........
...................
.....P.............
..................
...P.PP.PP..C.....
..................
.PPP.....P...$#..
.....∩.......#


You could see an ettin, a cyclops and a troll.

Vanquished Creatures
  The ghost of Thaneod the Peltast, a journeyman MiBe of Trog (IceCv)
  An ettin (Orc:2)
  Snorg (Lair:4)
  4 hydras
  3 catoblepae (Lair:6)
  A two-headed ogre (D:8)
  15 death yaks
  Urug (Lair:2)
  An orc high priest (Orc:1)
  Nergalle (Orc:1)
  An orc sorcerer (Orc:2)
  3 cyclopes (Orc:2)
  A manticore (Lair:6)
  4 ugly things
  A black mamba (Lair:2)
  4 elephants
  3 ice statues (IceCv)
  7 spiny frogs
  8 komodo dragons
  A polar bear (Lair:2)
  A troll (D:10)
  A hornet (D:8)
  7 dream sheep
  12 blink frogs
  Prince Ribbit (D:6)
  11 hippogriffs
  5 basilisks
  2 wyverns
  25 yaks
  A hungry ghost (D:9)
  A soldier ant (D:8)
  2 wargs
  2 nagas (Lair:3)
  7 water moccasins
  8 ice beasts
  10 porcupines
  A swamp drake (Lair:4)
  6 sky beasts
  18 orc warriors
  4 black bears
  9 ogres
  9 wolves
  An eye of draining (D:10)
  A phantom (D:9)
  7 centaurs
  23 crocodiles
  The ghost of BGT the Digger, an amateur GrEE (D:3)
  A big kobold (D:8)
  13 bullfrogs
  A gnoll sergeant (D:8)
  3 scorpions
  A wyvern skeleton (D:10)
  5 killer bees (D:10)
  9 wights
  3 howler monkeys (D:7)
  4 crimson imps
  A jelly (Lair:5)
  A bullfrog skeleton (D:8)
  10 orc priests
  4 hounds
  2 iguanas
  15 orc wizards
  16 worker ants
  2 killer bee zombies
  2 hound zombies
  A hound skeleton (D:9)
  A worker ant zombie (D:8)
  Robin (D:2)
  10 gnolls
  13 adders
  6 shadow imps
  12 white imps (Lair:3)
  4 oozes
  3 worms
  2 dart slugs
  5 leopard geckos
  69 orcs
  A giant cockroach (D:4)
  14 hobgoblins
  7 jackals
  3 quokkas
  A ball python (D:4)
  2 bats
  3 frilled lizards
  7 goblins
  11 kobolds
  A quokka skeleton (D:6)
  A quokka zombie (D:7)
  3 rats
512 creatures vanquished.

Vanquished Creatures (collateral kills)
  The ghost of Rhok the Fencer, a journeyman MiFi of Okawaru (Lair:4)
  2 hydras
  Fannar (Lair:1)
  8 death yaks
  A manticore (Lair:6)
  A torpor snail (Lair:4)
  A spiny frog (Lair:3)
  2 dream sheep (Lair:4)
  8 yaks
  A soldier ant (D:10)
  An orc warrior (D:10)
  An ogre (D:10)
  3 crocodiles
  A crimson imp (D:10)
  An orc wizard (D:10)
  A worker ant (D:10)
  2 orcs (D:10)
36 creatures vanquished.

Vanquished Creatures (others)
  32 fungi
  19 plants
51 creatures vanquished.

Grand Total: 599 creatures vanquished

Notes
Turn   | Place    | Note
-------+----------+-------------------------------------------
     0 | D:1      | fili the Minotaur Berserker began the quest for the Orb.
     0 | D:1      | Reached XP level 1. HP: 19/19 MP: 0/0
   140 | D:1      | Reached skill level 4 in Fighting
   152 | D:1      | Reached XP level 2. HP: 24/27 MP: 1/1
   849 | D:2      | Reached XP level 3. HP: 33/34 MP: 2/2
   928 | D:2      | Noticed Robin
   967 | D:2      | Reached ** piety under Trog
   974 | D:2      | Killed Robin
  1193 | D:3      | Noticed BGT's ghost (amateur GrEE)
  1201 | D:3      | Killed BGT's ghost
  1201 | D:3      | Reached skill level 5 in Fighting
  1201 | D:3      | Reached skill level 5 in Maces & Flails
  1201 | D:3      | Reached XP level 4. HP: 42/42 MP: 3/3
  1203 | D:3      | Reached XP level 5. HP: 48/48 MP: 4/4
  1486 | D:3      | Reached skill level 6 in Fighting
  1901 | D:4      | Reached XP level 6. HP: 58/58 MP: 5/5
  2133 | D:4      | Found a staircase to the Ecumenical Temple.
  2579 | D:5      | Entered Level 5 of the Dungeon
  2599 | D:5      | Reached skill level 7 in Fighting
  2708 | D:5      | Noticed an ice beast
  2723 | D:5      | Killed an ice beast
  2723 | D:5      | Reached XP level 7. HP: 58/66 MP: 6/6
  2739 | D:5      | Found Gyhyn's Armour Emporium.
  2851 | D:5      | Reached skill level 8 in Fighting
  3135 | D:6      | Noticed Prince Ribbit
  3157 | D:6      | Killed Prince Ribbit
  3170 | D:6      | Reached XP level 8. HP: 70/77 MP: 7/7
  3193 | D:6      | Reached *** piety under Trog
  3196 | D:6      | Reached skill level 9 in Fighting
  3823 | D:7      | Reached skill level 10 in Fighting
  3828 | D:7      | Reached skill level 10 in Maces & Flails
  3908 | D:7      | Noticed a hippogriff
  3915 | D:7      | Killed a hippogriff
  3915 | D:7      | Reached XP level 9. HP: 27/86 MP: 8/8
  4235 | D:7      | Noticed an oklob plant
  4307 | D:7      | Found a bloodstained altar of Trog.
  4401 | D:7      | Reached skill level 11 in Fighting
  4531 | D:7      | Reached **** piety under Trog
  5038 | D:8      | Reached skill level 12 in Fighting
  5079 | D:8      | Noticed a two-headed ogre
  5312 | D:8      | Killed a two-headed ogre
  5312 | D:8      | Reached XP level 10. HP: 99/99 MP: 9/9
  5329 | D:8      | Found a staircase to the Lair.
  5384 | D:8      | Paralysed by a hornet for 1 turns
  5829 | D:8      | Received a gift from Trog
  5952 | D:9      | Reached skill level 13 in Fighting
  5952 | D:9      | Reached skill level 1 in Throwing
  6422 | D:9      | Reached ***** piety under Trog
  6496 | D:9      | Found an opulent altar of Gozag.
  6670 | D:10     | Entered Level 10 of the Dungeon
  6740 | D:10     | Noticed a white ugly thing
  6876 | D:10     | Found a staircase to the Orcish Mines.
  7170 | Orc:1    | Entered Level 1 of the Orcish Mines
  7185 | Orc:1    | Reached skill level 14 in Fighting
  7274 | Orc:1    | Found a flagged portal.
  7274 | Orc:1    | Noticed Nergalle
  7285 | Orc:1    | Killed Nergalle
  7285 | Orc:1    | Reached skill level 5 in Throwing
  7285 | Orc:1    | Reached XP level 11. HP: 110/110 MP: 10/10
  7308 | Bailey   | Entered a bailey
  7549 | Bailey   | Noticed an orc knight
  8260 | Bailey   | Received a gift from Trog
  8445 | Orc:1    | Found Muqivuss's Assorted Antiques.
  8922 | Orc:1    | Found a bloodstained altar of Trog.
  9293 | D:10     | Killed a white ugly thing
  9397 | D:10     | Noticed a brown ugly thing
  9415 | D:10     | Killed a brown ugly thing
  9860 | D:10     | Found Kezydib's Assorted Antiques.
  9925 | Lair:1   | Entered Level 1 of the Lair of Beasts
  9925 | Lair:1   | Noticed Fannar
  9942 | Lair:1   | Killed Fannar
  9942 | Lair:1   | Reached skill level 15 in Fighting
  9949 | Lair:1   | Identified the Guide on the Poisonous Frostbite
  9969 | Lair:1   | Noticed a six-headed hydra
  9985 | Lair:1   | Killed a six-headed hydra
 10389 | Lair:1   | Got a shimmering dire flail
 10390 | Lair:1   | Lost intelligence.
 10390 | Lair:1   | Identified the +8 dire flail "Dofailoe" {freeze, rF- Int-4 SInv Stlth+} (You found it on level 1 of the Lair of Beasts)
 10473 | Lair:1   | You fall through a shaft!
 10718 | Lair:1   | Noticed a six-headed hydra
 10730 | Lair:1   | Killed a six-headed hydra
 10961 | Lair:1   | Found a shadowy altar of Dithmenos.
 11324 | Lair:2   | Reached skill level 16 in Fighting
 11725 | Lair:2   | Noticed Urug
 11748 | Lair:2   | Killed Urug
 11748 | Lair:2   | Reached XP level 12. HP: 63/122 MP: 11/11
 12203 | Lair:3   | Reached skill level 5 in Dodging
 12286 | Lair:3   | Received a gift from Trog
 12366 | Lair:3   | Found a staircase to the Snake Pit.
 12735 | Lair:3   | Found a frozen archway.
 12921 | IceCv    | Entered an ice cave
 13263 | IceCv    | Noticed Thaneod's ghost (journeyman MiBe)
 13913 | IceCv    | Killed Thaneod's ghost
 13957 | IceCv    | Got faintly glowing ice dragon scales
 13968 | IceCv    | Identified the +3 ice dragon scales of Monotheism {rElec rF- rC++ Regen+ rCorr Int+5} (You found it in an ice cave)
 14063 | Lair:3   | Noticed a seven-headed hydra
 14070 | Lair:3   | Reached skill level 17 in Fighting
 14072 | Lair:3   | Killed a seven-headed hydra
 14320 | Lair:4   | Noticed a death yak
 14324 | Lair:4   | Noticed a death yak
 14337 | Lair:4   | Killed a death yak
 14344 | Lair:4   | Killed a death yak
 14351 | Lair:4   | Noticed a six-headed hydra
 14351 | Lair:4   | Noticed a death yak
 14353 | Lair:4   | Killed a six-headed hydra
 14356 | Lair:4   | Killed a death yak
 14521 | Lair:4   | Noticed an eight-headed hydra
 14530 | Lair:4   | Killed an eight-headed hydra
 14531 | Lair:4   | Noticed Snorg
 14541 | Lair:4   | Killed Snorg
 14778 | Lair:4   | Found a staircase to the Swamp.
 15271 | Lair:4   | Reached XP level 13. HP: 114/134 MP: 12/12
 15526 | Lair:4   | Noticed Rhok's ghost (journeyman MiFi)
 15538 | Lair:4   | Killed Rhok's ghost
 15538 | Lair:4   | Reached skill level 18 in Fighting
 16357 | Lair:5   | Reached skill level 10 in Dodging
 17282 | Lair:5   | Reached skill level 5 in Armour
 17353 | Lair:5   | Found a runed door.
 17353 | Lair:5   | Found a viscous altar of Jiyva.
 17353 | Lair:5   | Found a staircase to the Slime Pits.
 17670 | Lair:6   | Entered Level 6 of the Lair of Beasts
 18406 | Lair:6   | Reached skill level 19 in Fighting
 19407 | Lair:5   | Received a gift from Trog
 19415 | Lair:6   | Reached XP level 14. HP: 144/146 MP: 13/13
 20745 | Lair:6   | Reached skill level 20 in Fighting
 21015 | Orc:2    | Entered Level 2 of the Orcish Mines
 21093 | Orc:2    | Found Vytsoss's Book Emporium.
 21726 | Orc:2    | Found Zusky's Antique Armour Boutique.
 21728 | Orc:2    | Hit by a large rock thrown by a cyclops

Skill      XL: |  1  2  3  4  5  6  7  8  9 10 11 12 13 14 |
---------------+-------------------------------------------+-----
Fighting       | 4 5 6 7 8 10 12 14 16 17 19 20 | 20.2
Maces & Flails | 4 5 6 7 8 10 12 14 | 14.3
Throwing       | 5 8 |  8.0
Dodging        | 4 9 11 | 11.1
Armour         | 7 |  7.0

Action                   |  1- 3 |  4- 6 |  7- 9 | 10-12 | 13-15 || total
-------------------------+-------+-------+-------+-------+-------++-------
Melee: Whip              |    55 |   114 |   308 |  1073 |   544 ||  2094
       Mace              |     2 |       |       |       |   276 ||   278
       Headbutt          |     5 |    18 |    68 |   283 |   257 ||   631
Throw: Tomahawk          |       |       |     4 |    58 |    19 ||    81
       Javelin           |       |       |       |    12 |    22 ||    34
Invok: Berserk           |     1 |       |     3 |     3 |     3 ||    10
       Trog's Hand       |       |     1 |     2 |     6 |     5 ||    14
       Brothers in Arms  |       |       |       |     6 |     4 ||    10
       Burn Spellbooks   |       |       |       |     1 |       ||     1
 Abil: Stop Flying       |       |       |       |       |     1 ||     1
  Use: Scroll            |       |     4 |     5 |     4 |     7 ||    20
       Potion            |       |       |     3 |     1 |       ||     4
 Stab: Distracted        |       |       |       |     1 |     2 ||     3
       Confused          |       |       |       |     1 |       ||     1
  Eat: Chunk             |     1 |     6 |    11 |    38 |    21 ||    77
       Bread ration      |       |       |       |     1 |       ||     1
       Fruit             |       |       |       |     5 |     3 ||     8
       Royal jelly       |       |       |       |       |     1 ||     1
Armor: Animal skin       |     1 |       |       |       |       ||     1
       Ring mail         |    16 |    10 |       |       |       ||    26
       Chain mail        |       |    22 |    67 |       |       ||    89
       Plate armour      |       |       |    72 |   173 |       ||   245
       Crystal plate arm |       |       |       |   451 |   487 ||   938
Dodge: Dodged            |    25 |    47 |    95 |   176 |   125 ||   468
Block: Shield            |       |       |       |   129 |   271 ||   400
